 Dungeon Crawl Stone Soup version 0.25-a0-424-g80bd347ae0 (webtiles) character file.

Game seed: 15180020353147346689, levelgen mode: deterministic

37 Bikalo the Poker (level 3, 0/28 HPs)
             Began as a Demonspawn Gladiator on Jan 23, 2020.
             Slain by an adder (1 damage)
             ... on level 2 of the Dungeon.
             The game lasted 00:01:46 (948 turns).

Bikalo the Poker (Demonspawn Gladiator)              Turns: 948, Time: 00:01:47

Health: 0/28       AC:  4    Str: 15    XL:     3   Next: 21%
Magic:  0/3        EV: 10    Int:  9    God:
Gold:   59         SH:  7    Dex: 14    Spells: 2/2 levels left

rFire    . . .     SeeInvis .   a - +0 trident
rCold    . . .     Gourm    .   h - +0 shield
rNeg     . . .     Faith    .   b - +0 leather armour
rPois    .         Spirit   +   c - +0 helmet
rElec    .         Reflect  .   (no cloak)
rCorr    .         Harm     .   (no gloves)
MR       .....     Rnd*Tele +   (no boots)
Stlth    +.........             (no amulet)
HPRegen  0.09/turn              n - ring of teleportation (curse)
MPRegen  0.08/turn              (no ring)

@: lethally poisoned (0 -> -5)
A: magic shield, rot immunity
a: no special abilities


You were on level 2 of the Dungeon.
You were not hungry.

You visited 1 branch of the dungeon, and saw 2 of its levels.

You collected 59 gold pieces.

Inventory:

Hand Weapons
 a - a +0 trident (weapon)
Missiles
 d - 3 throwing nets (quivered)
Armour
 b - a +0 leather armour (worn)
 c - a +0 helmet (worn)
 h - a +0 shield (worn)
Jewellery
 n - a cursed ring of teleportation (left hand)
Scrolls
 j - a scroll of teleportation
 k - a scroll of random uselessness
Potions
 e - a potion of resistance {unknown}
 g - 2 potions of brilliance {unknown}
 i - a potion of cancellation {unknown}
 l - a potion of heal wounds {unknown}
 m - a potion of flight {unknown}
 o - 2 potions of invisibility {unknown}
Comestibles
 f - 3 rations


   Skills:
 + Level 2.3 Fighting
 * Level 3.2 Polearms
 - Level 1.7 Throwing
 + Level 0.8 Armour
 + Level 2.9 Dodging
 + Level 0.6 Shields


You had 2 spell levels left.
You didn't know any spells.
Your spell library was empty.

Dungeon Overview and Level Annotations

Branches:
Dungeon (2/15)

Altars:


Innate Abilities, Weirdness & Mutations

When hurt, damage is shared between your health and your magic reserves.
You are immune to rotting.


Message History

* * * LOW HITPOINT WARNING * * *
You feel sick. The adder bites you but does no damage. The adder bites you.
* * * LOW HITPOINT WARNING * * *
You closely miss the adder.
The adder is severely wounded.
* * * LOW HITPOINT WARNING * * *
You feel sick. The adder bites you but does no damage.
The adder closely misses you.
You miss the adder.
The adder is severely wounded.
* * * LOW HITPOINT WARNING * * *
You feel sick. You block the adder's attack.
You hit the adder but do no damage.
The adder is severely wounded.
The adder bites you but does no damage. You block the adder's attack.
You miss the adder.
The adder is severely wounded.
* * * LOW HITPOINT WARNING * * *
You feel sick. You block the adder's attack. The adder bites you.
You die...

....###.##..†.# *,* .##.#
#.##.#### *##*,****
.<..###.##.# #..,,,,,*
........##+## #.#*,**,*
###.#####...## #.#*,#*,*
###.# ##.....## #.##.##.*
.##.###.......## #..#....*
....##.........####...##,,*
.....+.........'@S.....#..#
..####.........####.......#
..# ##...†...## ##.#.#.##
#.# ##.....## *#....* #.#
##...## *#.#*# ..# ##'##
*.# ### #.# *,# #.# *,*
##.## *,*


You could see an adder.

Vanquished Creatures
  An adder (D:2)
  An ooze (D:1)
  2 leopard geckos
  4 giant cockroaches (D:1)
  A goblin (D:2)
  4 hobgoblins
  4 bats
  3 kobolds
  A rat (D:1)
21 creatures vanquished.

Notes
Turn   | Place    | Note
-------+----------+-------------------------------------------
     0 | D:1      | Bikalo the Demonspawn Gladiator began the quest for the
                  | Orb.
     0 | D:1      | Reached XP level 1. HP: 16/16 MP: 1/1
   279 | D:1      | Gained mutation: You are immune to rotting. [demonic
                  | ancestry]
   279 | D:1      | Reached XP level 2. HP: 19/22 MP: 2/2
   313 | D:1      | Reached skill level 3 in Polearms
   911 | D:2      | Gained mutation: When hurt, damage is shared between your
                  | health and your magic reserves. [demonic ancestry]
   911 | D:2      | Reached XP level 3. HP: 23/28 MP: 3/3
   948 | D:2      | HP: 1/28 [poisoned by an adder]
   948 | D:2      | Slain by an adder

Levels and vault maps discovered:
D:1:      matt_arrival_spirals, layout_basic
D:2:      layout_loops_corners, first_ration

Skill      XL: |  1  2 |
---------------+-------+-----
Polearms       | 3 |  3.2
Fighting       | |  2.3
Throwing       | |  1.7
Armour         | |  0.8
Dodging        | |  2.9
Shields        | |  0.6

Action                   || total
-------------------------++-------
Melee: Trident           ||    94
  Use: Scroll            ||     4
 Stab: Sleeping          ||     1
Armor: Leather armour    ||    24
Dodge: Dodged            ||    34
Block: Shield            ||    34

Table legend:
 A = Non-vault XP
 B = Vault XP
 C = Vault XP percentage of total XP
 D = Non-vault monster count
 E = Vault monster count
 F = Vault count percentage of total count
                 A         B        C        D         E       F
            +---------+---------+-------+---------+---------+-------
      Total |      53 |       0 |   0.0 |      21 |       0 |   0.0
            +---------+---------+-------+---------+---------+-------
        D:1 |      30 |       0 |   0.0 |      15 |       0 |   0.0
        D:2 |      23 |       0 |   0.0 |       6 |       0 |   0.0
            +---------+---------+-------+---------+---------+-------
